[Event "2007 Second Annual ACCA Americas' Computer Chess Championships"]
[Site "chessclub.com"]
[Date "2007.10.28"]
[Round "6"]
[White "Buzz"]
[Black "NoonianChess"]
[Result "1-0"]
[WhiteElo "2829"]
[BlackElo "2281"]
[TimeControl "2700+10"]

1. e4 c5 2. Nf3 Nc6 3. Bb5 Qc7 4. Na3 e6 5. d3 {+0.11/11} Bd6 6.
Bxc6 {+0.29/11} bxc6 7. Nc4 {+0.41/12} Be7 8. e5 {+0.37/12} Ba6 9.
Qe2 {+0.36/12} Rb8 10. h4 {+0.47/11} Qc8 11. Na5 {+0.50/11} Nh6 12.
Bxh6 {+0.93/12} gxh6 13. Nb3 {+1.01/12} Qb7 14. Qe3 {+1.05/11} Qb4+ 15.
Nfd2 {+1.13/12} Qg4 16. g3 {+1.50/11} Qf5 17. f4 {+1.94/11} Bc8 18.
Ne4 {+2.10/11} Rg8 19. O-O-O {+2.19/12} Rb5 20. c4 {+2.26/12} Rb6 21.
Nbxc5 {+2.37/11} Kd8 22. h5 {+2.39/11} Qg4 23. d4 {+2.42/11} Ba6 24.
b3 {+2.49/11} Ke8 25. Qc3 {+3.46/11} Qf5 26. Qa5 {+5.69/11} d5 27.
exd6 {+6.32/11} Bf8 28. d5 {+9.01/10} Rxg3 29. dxc6 {+10.57/9} Qxf4+ 30.
Kb1 {+11.01/10} Rf3 31. c7 {+16.05/8} Bxd6 32. Qxa6 {+19.15/9} Rxa6 33.
c8=Q+ {+24.57/9} Ke7 34. Qd7+ {+24.57/9} Kf8 35. Qd8+ {+319.81/10} Kg7 36.
Rhg1+ {+319.85/11} Rg3 37. Nxg3 {+319.87/14} Qg5 38. Nge4 {+319.89/18} Qg6
39. hxg6 {+319.91/48} hxg6 40. Nxe6+ {+319.93/64} fxe6 41.
Qf6+ {+319.95/64} Kg8 42. Rxg6+ {+319.97/64} Kh7 43. Qg7# {+319.99/64}
{NoonianChess checkmated} 1-0

[Event "2008 Second Annual ACCA World Computer Rapid Chess Championships"]
[Site "Internet Chess Club"]
[Date "2008.06.21"]
[Round "1"]
[White "Telepath"]
[Black "Buzz"]
[Result "1-0"]
[WhiteElo "2416"]
[BlackElo "2829"]
[ECO "D43"]
[ICCResult "Black checkmated"]
[Opening "QGD semi-Slav"]
[NIC "SL.03"]
[Time "09:13:22"]
[TimeControl "1500+4"]

1.d4 d5 2.c4 c6 3.Nf3 Nf6 4.Nc3 e6 5.Bg5 Be7 6.e3 Nbd7 7.Qc2 Qa5 8.cxd5 
Nxd5 9.Bxe7 Kxe7 10.Be2 N7f6 11.O-O h5 12.e4 Nxc3 13.bxc3 c5 14.Rab1 a6 
15.Rfc1 h4 16.e5 Nd5 17.Nd2 Qc7 18.Qb3 Nf4 19.Bf3 Ra7 20.Ne4 c4 21.Qa3+ 
Kd8 22.Rd1 Nd5 23.Nd6 b5 24.h3 g6 25.Qc1 Qe7 26.a4 bxa4 27.Rb8 Rc7 28.Qa3 
Qd7 29.Rdb1 Re8 30.Bd1 Nxc3 31.Qxc3 f6 32.Qa5 Ke7 33.Bxa4 Qd8 34.exf6+ Kf8
35.Nxe8 e5 36.Nxc7 Kf7 37.Be8+ Kg8 38.f7+ Kg7 39.Qxe5+ Qf6 40.f8=Q+ Kxf8 
41.Qxf6+ Kg8 42.Bf7+ Kh7 43.Qxg6+ Kh8 44.Rxc8# 1-0

[Event "2008 Second Annual ACCA World Computer Rapid Chess Championships"]
[Site "Internet Chess Club"]
[Date "2008.06.21"]
[Round "2"]
[White "Buzz"]
[Black "Symbolic"]
[Result "0-1"]
[WhiteElo "2829"]
[BlackElo "2313"]
[ECO "D47"]
[ICCResult "White checkmated"]
[Opening "QGD semi-Slav: Meran, Wade variation"]
[NIC "SL.09"]
[Time "10:21:37"]
[TimeControl "1500+4"]

1.d4 d5 2.c4 c6 3.Nc3 e6 4.Nf3 Nf6 5.e3 Nbd7 6.Bd3 dxc4 7.Bxc4 b5 8.Bd3 
Bb7 9.e4 b4 10.Na4 c5 11.e5 Nd5 12.Nxc5 Nxc5 13.dxc5 Bxc5 14.Qa4+ Kf8 15.
O-O h6 16.Bd2 Kg8 17.Qb5 Qb6 18.Rac1 Qxb5 19.Bxb5 Rc8 20.Rfe1 g5 21.Rc4 a6
22.Rec1 Nc3 23.Bd7 Bxf2+ 24.Kxf2 Rxc4 25.bxc3 Bxf3 26.Kxf3 Kg7 27.cxb4 Rd4
28.Rc7 Rxd2 29.Bxe6 Rf8 30.Bb3 Kg6 31.Rc6+ Kf5 32.Rxa6 g4+ 33.Ke3 Rxg2 34.
Rxh6 Kxe5 35.b5 f6 36.Kd3 f5 37.b6 f4 38.Rh5+ Kf6 39.Bd5 f3 40.b7 Rb2 41.
a4 f2 42.Bg2 Rxb7 43.Rb5 Re7 44.h3 Rd8+ 45.Kc4 Rc7+ 46.Kb4 Rd4+ 47.Ka5 
Ra7+ 48.Kb6 Raxa4 49.hxg4 Rxg4 50.Bh3 Rab4 51.Rxb4 Rxb4+ 52.Kc5 Rb1 53.Kd4
Re1 54.Kd3 Kg5 55.Bf1 Rxf1 56.Ke2 Rd1 57.Kxf2 Kf4 58.Ke2 Rd7 59.Kf2 Rd2+ 
60.Ke1 Ke3 61.Kf1 Ra2 62.Kg1 Kf3 63.Kh1 Kg3 64.Kg1 Ra1# 0-1

[Event "2008 Second Annual ACCA World Computer Rapid Chess Championships"]
[Site "Internet Chess Club"]
[Date "2008.06.21"]
[Round "3"]
[White "Bugchess2"]
[Black "Buzz"]
[Result "1-0"]
[WhiteElo "2000"]
[BlackElo "2829"]
[ECO "B56"]
[ICCResult "Black checkmated"]
[Opening "Sicilian"]
[NIC "SI.25"]
[Time "11:17:17"]
[TimeControl "1500+4"]

1.e4 c5 2.Nc3 d6 3.Nge2 Nf6 4.d4 cxd4 5.Nxd4 Nc6 6.f3 e5 7.Nb3 Be7 8.Be3 
Be6 9.Nd5 O-O 10.Qd2 Bxd5 11.exd5 Nb8 12.c4 Nfd7 13.Bd3 f5 14.O-O Na6 15.
g3 Qc7 16.Rac1 Nac5 17.Nxc5 Nxc5 18.Bb1 a5 19.Rfe1 a4 20.Kh1 g6 21.Re2 Bf6
22.Rce1 Qb6 23.Kg2 h5 24.Bc2 Ra6 25.Bb1 Kf7 26.Qc2 Rc8 27.g4 hxg4 28.fxg4 
Rg8 29.gxf5 g5 30.Kh1 a3 31.b3 Qd8 32.Rg1 Rh8 33.Reg2 Nd7 34.Bxg5 Rh7 35.
Be3 Qc8 36.Qd2 Rh8 37.Rg6 Ke7 38.Bg5 Qf8 39.Bxf6+ Nxf6 40.Rg7+ Kd8 41.R1g6
Rh7 42.Qg5 Rxg7 43.Rxg7 Kc8 44.Qg6 Kb8 45.Rf7 Qh8 46.Rxf6 Qh3 47.Qg8+ Ka7 
48.Qg3 Qh5 49.Qe3+ Kb8 50.Rg6 e4 51.Rg8+ Kc7 52.Bxe4 Qh4 53.c5 Qe7 54.
cxd6+ Kxd6 55.Qd4 Qf7 56.Rg6+ Kd7 57.Rg7 Qxg7 58.Qxg7+ Kd6 59.f6 Kc5 60.
b4+ Kc4 61.Qg1 b6 62.f7 Ra8 63.Qxb6 Kc3 64.Qc5+ Kd2 65.Qd4+ Ke2 66.Kg2 
Rg8+ 67.fxg8=Q Ke1 68.Qc3+ Kd1 69.Bf3# 1-0

[Event "2008 Second Annual ACCA World Computer Rapid Chess Championships"]
[Site "Internet Chess Club"]
[Date "2008.06.21"]
[Round "4"]
[White "Buzz"]
[Black "Tornado-C"]
[Result "0-1"]
[WhiteElo "2829"]
[BlackElo "2362"]
[ECO "C50"]
[ICCResult "White checkmated"]
[Opening "Giuoco Pianissimo"]
[NIC "IG.02"]
[Time "12:19:18"]
[TimeControl "1500+4"]

1.e4 e5 2.Nf3 Nc6 3.Bc4 Bc5 4.d3 Nf6 5.c3 a6 6.O-O d6 7.Bb3 Ba7 8.Nbd2 O-O
9.h3 h6 10.Nc4 Be6 11.Re1 Re8 12.Re2 Nh5 13.d4 exd4 14.cxd4 Bd7 15.Re1 b5 
16.Na3 Na5 17.e5 Nxb3 18.Qxb3 Bc6 19.d5 Bb7 20.g4 dxe5 21.gxh5 Bxd5 22.Qd1
e4 23.Nc2 Qd7 24.Nfd4 Qxh3 25.Re3 Qh4 26.Qf1 Qxh5 27.Rh3 Qe5 28.Ne2 Bc4 
29.Qe1 Bd3 30.Ne3 Bb6 31.Ng2 Rad8 32.Nc3 b4 33.Nd1 c5 34.a3 Qf5 35.Rh4 b3 
36.Nde3 Qf6 37.Rh5 c4 38.Rf5 Qd6 39.Bd2 Bc7 40.Rh5 Re5 41.Rh4 Qg6 42.Bb4 
Rh5 43.Be7 Rd7 44.Qd1 c3 45.Qxh5 cxb2 46.Re1 Qxh5 47.Rxh5 Rxe7 48.Rc5 b1=Q
49.Rxb1 Bxb1 50.Nc4 Rd7 51.Nge3 Bd3 52.Nb2 Bf4 53.Nd5 Bg5 54.Rc8+ Kh7 55.
Rc5 Rd6 56.f4 Bh4 57.Nc3 Bf6 58.Kg2 e3 59.Nca4 Bb5 60.Rc1 e2 61.Re1 Bh4 
62.Rxe2 Bxe2 63.Kh3 Bf6 64.Kg3 Rd2 65.Kg2 Bxb2 66.Nc5 Bb5+ 67.Kf3 Rd3+ 68.
Kg2 Bxa3 69.Nxd3 Bxd3 70.Kg3 b2 71.Kg2 b1=Q 72.Kh2 Qf1 73.Kg3 Bf5 74.Kh2 
Qh3+ 75.Kg1 Bc5# 0-1

[Event "2008 Second Annual ACCA World Computer Rapid Chess Championships"]
[Site "Internet Chess Club"]
[Date "2008.06.21"]
[Round "5"]
[White "JokerX"]
[Black "Buzz"]
[Result "1-0"]
[WhiteElo "2345"]
[BlackElo "2829"]
[ECO "B48"]
[ICCResult "Black checkmated"]
[Opening "Sicilian: Taimanov variation"]
[NIC "SI.41"]
[Time "13:57:10"]
[TimeControl "1500+4"]

1.e4 c5 2.Nf3 e6 3.d4 cxd4 4.Nxd4 a6 5.Nc3 Nc6 6.Be3 Qc7 7.Qd2 Nf6 8.O-O-O
Bb4 9.f3 Ne5 10.Nb3 b5 11.Qe1 Be7 12.f4 Ng6 13.e5 Ng4 14.Ne4 Nxe3 15.Qxe3 
O-O 16.h4 Nxh4 17.Bd3 Ng6 18.Nf6+ Bxf6 19.exf6 gxf6 20.Rdf1 f5 21.Qh3 h6 
22.Qxh6 Re8 23.g4 Qb6 24.gxf5 exf5 25.Bxf5 Qf6 26.Bxg6 fxg6 27.f5 Qg7 28.
Qg5 d6 29.f6 Re5 30.Qh4 Rh5 31.f7+ Qxf7 32.Qd8+ Kg7 33.Rxf7+ Kxf7 34.Rg1 
a5 35.Qc7+ Kf6 36.Qc6 Kg7 37.Qxa8 Be6 38.Qb7+ Bf7 39.Nd4 Kf6 40.Qd7 Bd5 
41.Qxd6+ Kf7 42.Qxg6+ Ke7 43.Qxh5 Bc4 44.Qe5+ Kd8 45.Rg7 Be6 46.Nxe6+ Ke8 
47.Qxb5# 1-0

[Event "2008 Second Annual ACCA World Computer Rapid Chess Championships"]
[Site "Internet Chess Club"]
[Date "2008.06.21"]
[Round "6"]
[White "Buzz"]
[Black "roce"]
[Result "1-0"]
[WhiteElo "2829"]
[BlackElo "2000"]
[ECO "A37"]
[ICCResult "Black checkmated"]
[Opening "English: symmetrical, Botvinnik system reversed"]
[NIC "EO.28"]
[Time "15:03:02"]
[TimeControl "1500+4"]

1.c4 c5 2.g3 g6 3.Bg2 Bg7 4.Nc3 Nc6 5.Nf3 e5 6.O-O d6 7.a3 a5 8.d3 Nge7 9.
Rb1 Rb8 10.Qb3 O-O 11.h4 Nd4 12.Nxd4 cxd4 13.Nd5 Nxd5 14.Bxd5 Bg4 15.f3 
Bh3 16.Rf2 Qd7 17.Qb6 a4 18.b3 axb3 19.Rxb3 Be6 20.Bxb7 Qa4 21.Rf1 Bh3 22.
Rb4 Qe8 23.Rd1 Bc8 24.Qc7 Bxb7 25.Rxb7 Rxb7 26.Qxb7 Qa4 27.Rf1 Qc2 28.Kf2 
Qa4 29.Rh1 Bf6 30.Bh6 Rd8 31.Ra1 Re8 32.Qb5 Qxb5 33.cxb5 Be7 34.a4 Rc8 35.
a5 d5 36.b6 Bb4 37.a6 f5 38.b7 Rd8 39.a7 Bd6 40.a8=Q Bb8 41.Rc1 e4 42.Rc8 
e3+ 43.Kg1 Kf7 44.Rxd8 Bxg3 45.Rd7+ Ke6 46.Qe8+ Kf6 47.Qe7# 1-0

[Event "2008 Second Annual ACCA World Computer Rapid Chess Championships"]
[Site "Internet Chess Club"]
[Date "2008.06.21"]
[Round "7"]
[White "Horizon-x"]
[Black "Buzz"]
[Result "0-1"]
[WhiteElo "2000"]
[BlackElo "2829"]
[ECO "B19"]
[ICCResult "White resigns"]
[Opening "Caro-Kann: classical, Spassky variation"]
[NIC "CK.12"]
[Time "16:25:06"]
[TimeControl "1500+4"]

1.e4 c6 2.d4 d5 3.Nc3 dxe4 4.Nxe4 Bf5 5.Ng3 Bg6 6.h4 h6 7.Nf3 Nd7 8.h5 Bh7
9.Bd3 Bxd3 10.Qxd3 e6 11.Bd2 Qc7 12.Qe2 Ngf6 13.O-O-O O-O-O 14.Ne5 Nb6 15.
Rh4 Bd6 16.Ba5 Rhf8 17.Ne4 Bxe5 18.dxe5 Rxd1+ 19.Qxd1 Qxe5 20.Bc3 Qd5 21.
Qxd5 Nbxd5 22.Nd6+ Kb8 23.Be5 Ka8 24.a4 b6 25.Kb1 c5 26.a5 bxa5 27.Rc4 
Nxh5 28.Rxc5 f6 29.Bh2 Nhf4 30.c4 Nd3 31.Rxa5 N5b4 32.Rb5 e5 33.Bg3 h5 34.
f3 h4 35.Bh2 Rd8 36.Nf5 h3 37.gxh3 Rh8 38.h4 Rh5 39.Ne7 Rxh4 40.Nd5 Na6 
41.Bg3 Rxc4 42.Nc3 Nab4 43.Ra5 Rc8 44.Na2 Rh8 45.Nxb4 Nxb4 46.Kc1 Rh3 47.
Be1 Nd3+ 48.Kd2 Rxf3 49.Rd5 Nxe1 50.Rd8+ Kb7 51.Kxe1 g5 52.Rd7+ Kb6 53.
Rd6+ Kb5 54.Re6 g4 55.Ke2 a5 56.Re7 Kb4 0-1

[Event "2008 Second Annual ACCA World Computer Rapid Chess Championships"]
[Site "Internet Chess Club"]
[Date "2008.06.21"]
[Round "8"]
[White "Matilde"]
[Black "Buzz"]
[Result "1-0"]
[WhiteElo "2278"]
[BlackElo "2829"]
[ECO "A00"]
[ICCResult "Black checkmated"]
[Opening "Réti: old Indian attack"]
[NIC "VO.13"]
[Time "17:34:06"]
[TimeControl "1500+4"]

1.d3 d5 2.Nf3 Nf6 3.Nc3 Nc6 4.Bf4 Bg4 5.Nb5 Bxf3 6.Nxc7+ Kd7 7.Nxa8 Bh5 8.
g3 Qxa8 9.Bh3+ e6 10.O-O Qd8 11.Bg2 Qb6 12.c3 Qxb2 13.Rb1 Qxa2 14.Rxb7+ 
Ke8 15.Re1 a5 16.Rc7 Nd8 17.h3 Be7 18.g4 Bg6 19.Qa1 Qxa1 20.Rxa1 h5 21.g5 
Nh7 22.Rxa5 f6 23.Raa7 Bf8 24.gxf6 Nxf6 25.c4 Bf5 26.c5 Rg8 27.Be5 Nd7 28.
Rxd7 Nc6 29.e4 dxe4 30.dxe4 Bg6 31.Bd6 Nxa7 32.Rxa7 e5 33.f4 Bxd6 34.cxd6 
Rf8 35.fxe5 Rf7 36.Ra8+ Kd7 37.h4 Ke6 38.Ra5 Bxe4 39.Bxe4 Rf8 40.Ra8 Rxa8 
41.Bxa8 g6 42.Kf2 g5 43.hxg5 h4 44.Kg2 h3+ 45.Kxh3 Kxe5 46.d7 Kd4 47.g6 
Kc4 48.g7 Kb5 49.g8=Q Kc5 50.Qc8+ Kb4 51.d8=Q Ka3 52.Qb6 Ka4 53.Qca6# 1-0

[Event "2008 Second Annual ACCA World Computer Rapid Chess Championships"]
[Site "Internet Chess Club"]
[Date "2008.06.22"]
[Round "9"]
[White "Buzz"]
[Black "NeurosisX"]
[Result "0-1"]
[WhiteElo "2829"]
[BlackElo "2000"]
[ECO "C48"]
[ICCResult "White checkmated"]
[Opening "Four knights: Rubinstein counter-gambit"]
[NIC "KP.03"]
[Time "09:10:39"]
[TimeControl "1500+4"]

1.e4 e5 2.Nf3 Nc6 3.Nc3 Nf6 4.Bb5 Nd4 5.Ba4 Nxf3+ 6.Qxf3 Bc5 7.d3 O-O 8.
Bg5 Be7 9.Bb3 d6 10.h4 c5 11.a4 Ng4 12.Bxe7 Qxe7 13.Nd5 Qd8 14.a5 Be6 15.
h5 h6 16.Ke2 Re8 17.g3 Rb8 18.Rh4 Bxd5 19.Bxd5 Nf6 20.Bc4 Qd7 21.c3 b5 22.
Bb3 c4 23.Bc2 Qc7 24.Qe3 d5 25.exd5 Red8 26.a6 cxd3+ 27.Bxd3 Rxd5 28.Kf1 
Rbd8 29.Bf5 Rd2 30.Rb1 R8d6 31.Re1 R6d5 32.Re2 Rd1+ 33.Kg2 Ra1 34.c4 bxc4 
35.Qc3 Qc6 36.f3 Qxa6 37.Rxc4 Rd8 38.b3 Ra5 39.Rd2 Rxd2+ 40.Qxd2 Rd5 41.
Qe3 Rd8 42.g4 Qa1 43.Qd3 Qb2+ 44.Kg3 Re8 45.Qc3 Qa3 46.Rc8 Qf8 47.Rxe8 
Qxe8 48.Qc7 e4 49.Qxa7 e3 50.Qa1 Nd5 51.Be4 Qb8+ 52.Kg2 Nf4+ 53.Kf1 e2+ 
54.Kf2 Qb6+ 55.Kg3 Qd8 56.Qc1 Ne6 57.Bc2 Qd6+ 58.f4 Nxf4 59.Kf3 Qc6+ 60.
Kxf4 Qf6+ 61.Kg3 Qf1 62.Qxf1 exf1=Q 63.Be4 Qb5 64.Bf3 Qxb3 65.Kf2 Qd3 66.
Be2 Qd4+ 67.Kg2 Kf8 68.Kf1 Ke7 69.Bf3 Kf6 70.Be2 Kg5 71.Bb5 Kf4 72.Ke2 
Qb2+ 73.Kd3 Qxb5+ 74.Kd4 Kxg4 75.Kc3 f5 76.Kd4 Kf4 77.Kc3 Ke3 78.Kc2 Qb4 
79.Kc1 Kd3 80.Kd1 Qd2# 0-1

[Event "2008 Second Annual ACCA World Computer Rapid Chess Championships"]
[Site "Internet Chess Club"]
[Date "2008.06.22"]
[Round "10"]
[White "Buzz"]
[Black "ProphetX"]
[Result "1-0"]
[WhiteElo "2829"]
[BlackElo "2441"]
[ECO "B07"]
[ICCResult "Black checkmated"]
[Opening "Pirc defense"]
[NIC "PU.08"]
[Time "10:12:32"]
[TimeControl "1500+4"]

1.e4 d6 2.d4 Nf6 3.Nc3 e5 4.Nf3 exd4 5.Nxd4 Be7 6.Bc4 O-O 7.O-O Nxe4 8.
Nxe4 d5 9.Bd3 dxe4 10.Bxe4 Nd7 11.Bf4 Nc5 12.Bf3 c6 13.Re1 Bf6 14.Be5 Bxe5
15.Rxe5 Qb6 16.a4 Ne6 17.Nb3 f6 18.Re3 Qc7 19.Qd3 Ng5 20.Be2 Rd8 21.Qc4+ 
Kh8 22.Bd3 Nf7 23.Rae1 Nd6 24.Qh4 Bf5 25.Re7 Qxe7 26.Rxe7 Bxd3 27.Qg4 Nf5 
28.Rxb7 Bxc2 29.h3 a5 30.Rb6 h6 31.Qc4 Bxb3 32.Rxb3 Nd4 33.Rd3 c5 34.Re3 
Rdc8 35.Re7 Rab8 36.Qf7 Rg8 37.Rb7 Rbc8 38.Kh2 Nc6 39.Qc4 Ne5 40.Qb5 c4 
41.Qxa5 Nd3 42.f3 Rgd8 43.Qa7 Rg8 44.a5 Kh7 45.Qd4 Kh8 46.a6 Nc5 47.Rb6 
Nd3 48.a7 Ne5 49.Qd5 Kh7 50.f4 Rcd8 51.Qb5 Ng6 52.Rb8 Ne7 53.Rxd8 Rxd8 54.
Qb8 Rg8 55.a8=Q Rxb8 56.Qxb8 Ng8 57.Qb5 g5 58.Qxc4 g4 59.Qf7+ Kh8 60.hxg4 
f5 61.Kh3 fxg4+ 62.Kxg4 Nf6+ 63.Kf5 Nd5 64.Kg6 Ne7+ 65.Qxe7 h5 66.Qg7# 1-0

[Event "2008 Second Annual ACCA World Computer Rapid Chess Championships"]
[Site "Internet Chess Club"]
[Date "2008.06.22"]
[Round "11"]
[White "NoonianChess"]
[Black "Buzz"]
[Result "0-1"]
[WhiteElo "2281"]
[BlackElo "2829"]
[ECO "B50"]
[ICCResult "White checkmated"]
[Opening "Sicilian"]
[NIC "SI.01"]
[Time "11:15:26"]
[TimeControl "1500+4"]

1.Nf3 c5 2.e4 d6 3.g3 e6 4.Bg2 Nf6 5.Nc3 Nc6 6.d3 e5 7.h3 Be6 8.Rb1 h6 9.
Ra1 d5 10.exd5 Nxd5 11.Nxd5 Qxd5 12.b3 O-O-O 13.Bb2 Be7 14.O-O Qd6 15.Re1 
f6 16.Nh4 Qd7 17.Ng6 Rhe8 18.g4 Bd5 19.Nh4 Bxg2 20.Kxg2 Nd4 21.Bxd4 cxd4 
22.Re4 Ba3 23.Qd2 Re6 24.Rae1 Kb8 25.f4 Rb6 26.R1e2 g5 27.Nf5 gxf4 28.Nxd4
exd4 29.Qxf4+ Kc8 30.Kh1 Qd5 31.Qf3 Bc1 32.Rf2 Be3 33.Rf1 Qa5 34.Qf5+ Qxf5
35.gxf5 Rd5 36.c3 Rc6 37.cxd4 Bxd4 38.Re8+ Kd7 39.Rb8 Kc7 40.Re8 Rc2 41.
Re7+ Kb6 42.Re6+ Ka5 43.Re7 Bc5 44.Rh7 Rxd3 45.b4+ Kxb4 46.Rxb7+ Ka5 47.
Rb3 Rdd2 48.Rf2 Rxf2 49.Rb5+ Kxb5 50.a4+ Kxa4 51.h4 Rh2# 0-1

[Event "2008 Second Annual ACCA World Computer Rapid Chess Championships"]
[Site "Internet Chess Club"]
[Date "2008.06.22"]
[Round "12"]
[White "Buzz"]
[Black "HfC"]
[Result "1-0"]
[WhiteElo "2829"]
[BlackElo "2000"]
[ECO "E60"]
[ICCResult "Black checkmated"]
[Opening "King's Indian: fianchetto, Kavalek (Bronstein) variation"]
[NIC "KI.74"]
[Time "12:32:21"]
[TimeControl "1500+4"]

1.Nf3 Nf6 2.c4 g6 3.d4 Bg7 4.g3 O-O 5.Bg2 d6 6.O-O c6 7.Nc3 Qa5 8.e4 Bg4 
9.h3 Bxf3 10.Bxf3 e5 11.d5 Qb4 12.Qa4 Qxa4 13.Nxa4 Rd8 14.Be3 Na6 15.Rfd1 
Nb4 16.Rd2 cxd5 17.cxd5 Nd7 18.Be2 f5 19.a3 Na6 20.Bxa6 bxa6 21.exf5 gxf5 
22.Rc1 Rac8 23.Rdc2 Rxc2 24.Rxc2 Nf6 25.Rc6 Nxd5 26.Bxa7 f4 27.Rxa6 fxg3 
28.fxg3 Ra8 29.b3 Nc7 30.Ra5 Bh6 31.Kf2 Bd2 32.b4 Nb5 33.Bb6 Rf8+ 34.Ke2 
Nxa3 35.Kxd2 Nc4+ 36.Kc3 Nxa5 37.bxa5 Kf7 38.Kc4 Ke6 39.a6 d5+ 40.Kb5 d4 
41.a7 d3 42.Nc5+ Kd6 43.Nxd3 Re8 44.Nc5 Rc8 45.Na6 Ra8 46.Bc5+ Kd7 47.g4 
e4 48.Kb6 Kd8 49.Kb7 Rxa7+ 50.Bxa7 e3 51.Bxe3 Ke7 52.Nc5 Kf7 53.h4 Ke7 54.
g5 Ke8 55.h5 Kf7 56.Bd4 Kf8 57.Kc6 Kf7 58.Kd7 Kf8 59.Ke6 Ke8 60.g6 hxg6 
61.h6 Kd8 62.Be5 Kc8 63.h7 Kd8 64.h8=Q# 1-0

[Event "2008 Second Annual ACCA World Computer Rapid Chess Championships"]
[Site "Internet Chess Club"]
[Date "2008.06.22"]
[Round "14"]
[White "Buzz"]
[Black "Tinker"]
[Result "1-0"]
[WhiteElo "2829"]
[BlackElo "2381"]
[ECO "C99"]
[ICCResult "Black resigns"]
[Opening "Ruy Lopez: closed, Chigorin, 12...c5d4"]
[NIC "RL.24"]
[Time "15:10:08"]
[TimeControl "1500+4"]

1.e4 e5 2.Nf3 Nc6 3.Bb5 a6 4.Ba4 Nf6 5.O-O Be7 6.Re1 b5 7.Bb3 O-O 8.c3 d6 
9.h3 Na5 10.Bc2 c5 11.d4 Qc7 12.Nbd2 cxd4 13.cxd4 Nc6 14.Nb3 a5 15.Be3 a4 
16.Nbd2 Ba6 17.Rc1 Qb7 18.Bd3 Nd7 19.d5 Nb4 20.Bb1 f5 21.a3 f4 22.Bxf4 
exf4 23.axb4 Qa7 24.Rc6 Bb7 25.Qe2 Bxc6 26.dxc6 Nf6 27.Qxb5 Rfb8 28.Qc4+ 
d5 29.exd5 Rxb4 30.Qc2 Bc5 31.Ne4 Nxe4 32.Rxe4 Rxe4 33.Qxe4 Bxf2+ 34.Kf1 
Bg3 35.Qxh7+ Kf8 36.Qh8+ Kf7 37.Ne5+ Ke7 38.Qxg7+ Kd6 39.Nf7+ Kxd5 40.Qe5+
Kxc6 41.Qd6+ Kb5 42.Bd3+ 1-0